Canucks vs Jets

Created - Friday, April 15, 2016 at 02:08

Goals
1 2 3 T
Canucks 0 1 1 2
Jets 1 0 0 1
Shots
1 2 3 T
Canucks 7 8 13 28
Jets 15 3 12 30

1st period

1. Jets , Alex Ovechkin 1 (Erik Johnson, Ryan Getzlaf) at 19:52 (PP)

Penalties :
Wayne Simmonds (Wpg) for Holding (Minor) at 4:37, Clarke MacArthur (Van) for Interference (Minor) at 6:41, John Tavares (Wpg) for Holding (Minor) at 17:07, Jay Beagle (Van) for Roughing (Minor) at 19:35

2nd period

2. Canucks , Brendan Gallagher 1 (Nazem Kadri, Mats Zuccarello) at 8:45 (PP)

Penalties :
Jake Muzzin (Wpg) for Hooking (Minor) at 7:37, Blake Wheeler (Wpg) for Fighting (Major) at 8:56, Antoine Roussel (Van) for Fighting (Major) at 8:56, Peter Holland (Van) for Hooking (Minor) at 15:14, Ryan Getzlaf (Wpg) for Hooking (Minor) at 17:31

3rd period

3. Canucks , Antoine Roussel 1 (Christopher Tanev) at 18:10

Penalties :
Christopher Tanev (Van) for Holding (Minor) at 8:01, John Tavares (Wpg) for Hooking (Minor) at 11:46, John Tavares (Wpg) for Holding (Minor) at 15:29

Goalie Stats

Ben Bishop (Van), 29 saves from 30 shots - (0.967), W, 1-0-0, 60:00 minutes
Jonathan Quick (Wpg), 26 saves from 28 shots - (0.929), L, 0-1-1, 59:10 minutes

Players Stats for Canucks

Player Name              G  A  P  +/- PIM S  H  SB GA TA FO     MP     PP MP  PK MP  
------------------------------------------------------------------------------------
Alex Tanguay             0  0  0   1  0   1  0  1  0  2  0/0    14:40   3:15   0:51 
Alexander Edler          0  0  0   0  0   5  2  1  0  1  0/0    20:05   3:15   3:38 
Andrei Markov            0  0  0   0  0   0  1  3  0  0  0/0    27:16   7:48   2:36 
Antoine Roussel          1  0  1   1  5   1  0  0  1  0  0/0    15:03   0:03   5:23 
Brendan Gallagher        1  0  1   0  0   3  2  0  3  1  0/1    17:08   6:05   0:00 
Christopher Tanev        0  1  1   1  2   0  0  2  0  1  0/0    12:45   0:00   0:00 
Clarke MacArthur         0  0  0   0  2   1  2  0  1  0  0/1    17:45   4:55   0:00 
Craig Smith              0  0  0   0  0   0  1  0  2  1  0/1    19:44   4:58   0:00 
Derick Brassard          0  0  0   0  0   4  1  0  1  0  5/14   17:15   4:58   0:00 
Jack Johnson             0  0  0   0  0   3  3  2  0  3  0/0    27:25   7:48   2:36 
Jannik Hansen            0  0  0   0  0   1  0  0  2  0  0/0     7:04   0:00   0:00 
Jay Beagle               0  0  0   0  2   0  1  1  0  0  6/12   13:18   0:00   5:06 
Joel Ward                0  0  0   0  0   1  0  0  0  0  0/3     8:12   0:00   0:37 
Mats Zuccarello          0  1  1   0  0   5  3  0  2  0  1/2    18:15   6:05   0:00 
Nazem Kadri              0  1  1   0  0   0  3  1  1  0  7/16   18:15   6:05   0:00 
Nick Leddy               0  0  0   1  0   0  0  2  1  1  0/0    12:30   0:00   0:00 
Peter Holland            0  0  0   1  2   0  1  0  1  0  2/9    10:33   0:00   0:31 
Willie Mitchell          0  0  0   0  0   3  1  1  0  2  0/0    16:28   0:00   3:38 

Players Stats for Jets

Player Name              G  A  P  +/- PIM S  H  SB GA TA FO     MP     PP MP  PK MP  
------------------------------------------------------------------------------------
Alex Ovechkin            1  0  1   0  0   8  5  2  5  1  0/0    20:49   3:11   0:31 
Blake Wheeler            0  0  0   0  5   2  0  0  2  0  0/0    17:20   3:03   2:07 
Brad Stuart              0  0  0   0  0   2  2  1  0  1  0/0    17:34   0:00   5:54 
Claude Giroux            0  0  0   0  0   3  0  0  3  0  8/9    14:16   0:00   2:55 
Erik Johnson             0  1  1  -1  0   2  0  2  0  0  0/0    25:56   3:49   5:09 
Filip Forsberg           0  0  0  -1  0   0  2  1  1  1  0/0    15:26   3:03   0:00 
Jake Muzzin              0  0  0  -1  2   1  1  1  0  1  0/0    14:30   0:00   0:00 
Jarret Stoll             0  0  0   0  0   1  0  1  1  0  9/18   14:03   0:00   8:08 
John Carlson             0  0  0   0  0   0  0  2  0  2  0/0    24:14   2:25   5:54 
John Tavares             0  0  0  -1  6   5  1  1  0  0  9/13   17:16   3:03   0:00 
Jussi Jokinen            0  0  0   0  0   2  0  1  3  0  0/1    20:08   0:00   8:25 
Marc Staal               0  0  0   0  0   0  0  0  0  0  0/0     0:00   0:00   0:00 
Oliver Ekman-Larsson     0  0  0   0  0   0  0  2  1  0  0/0    21:15   3:49   5:09 
Patrick Kane             0  0  0  -1  0   2  0  0  4  0  0/0    15:38   3:11   0:00 
Patrik Elias             0  0  0   0  0   0  0  0  0  1  0/0     6:26   0:00   0:00 
Ryan Getzlaf             0  1  1   0  2   2  3  0  0  0  12/18  16:33   3:11   0:00 
Victor Hedman            0  0  0   0  0   0  1  1  0  1  0/0    16:30   2:25   0:00 
Wayne Simmonds           0  0  0   0  2   0  2  0  0  0  0/0    10:56   0:00   0:00 

3 Stars

1 - Ben Bishop (Van)
2 - Alex Ovechkin (Wpg)
3 - Brendan Gallagher (Van)

Power Play

Canucks - 1 on 6 Attempt(s) - 16.67%
Jets - 1 on 4 Attempt(s) - 25.00%

Penalty Kill

Canucks - 3 on 4 Attempt(s) - 75.00% - Score 0 goal in Penalty Kill
Jets - 5 on 6 Attempt(s) - 83.33% - Score 0 goal in Penalty Kill

Team Stat

Canucks - Hits : 21 - Faceoff Wins : 21 - Blocked Shots : 14 - Penalty Minutes : 13
Jets - Hits : 17 - Faceoff Wins : 38 - Blocked Shots : 15 - Penalty Minutes : 17

Official

Referees : Unknown
Linesman : Unknown

Game Notes

Blake Wheeler beats up Antoine Roussel at 8:56 of 2nd period
18:10 of 3rd period - Canucks goal is going for a video replay. After video review, Goal.

Finance

Level 1 -- Attendance: 6000 (100.00%) -- Ticket Income $510,000
Level 2 -- Attendance: 5000 (100.00%) -- Ticket Income $275,000
Level 3 -- Attendance: 2000 (100.00%) -- Ticket Income $60,000
Level 4 -- Attendance: 3261 (81.53%) -- Ticket Income $65,220
Luxury Box -- Attendance: 1000 (100.00%) -- Ticket Income $160,000
Game was played at the MTS Center.
Total Attendance: 17261 (95.89%)
Total Ticket Income: $1,070,220
Other Income: $524,408
Total Income: $1,594,628

Canucks

5 vs 5 Forward 
   Center                   Left Wing                Right Wing               Time % Phy DF OF 
 1 Derick Brassard          Clarke MacArthur         Brendan Gallagher        35     1   1  3  
 2 Nazem Kadri              Mats Zuccarello          Craig Smith              32     1   1  3  
 3 Peter Holland            Antoine Roussel          Alex Tanguay             20     1   2  2  
 4 Jay Beagle               Jannik Hansen            Joel Ward                13     1   3  1  

5 vs 5 Defense 
   Defense                  Defense                                           Time % Phy DF OF 
 1 Jack Johnson             Andrei Markov                                     35     1   2  2  
 2 Alexander Edler          Willie Mitchell                                   30     1   2  2  
 3 Nick Leddy               Christopher Tanev                                 22     1   2  2  
 4 Jack Johnson             Andrei Markov                                     13     1   2  2  

PowerPlay Forward 
   Center                   Left Wing                Right Wing               Time % Phy DF OF 
 1 Derick Brassard          Clarke MacArthur         Craig Smith              60     1   1  3  
 2 Nazem Kadri              Mats Zuccarello          Brendan Gallagher        40     1   1  3  

PowerPlay Defense
   Defense                  Defense                                           Time % Phy DF OF 
 1 Jack Johnson             Andrei Markov                                     60     1   2  2  
 2 Alexander Edler          Alex Tanguay                                      40     1   2  2  

Penalty Kill 4 Players Forward 
   Center                   Wing                     Time % Phy DF OF 
 1 Jay Beagle               Antoine Roussel          60     1   3  1  
 2 Peter Holland            Alex Tanguay             40     1   3  1  

Penalty Kill 4 Players Defense
   Defense                  Defense                  Time % Phy DF OF 
 1 Jack Johnson             Andrei Markov            60     1   3  1  
 2 Alexander Edler          Willie Mitchell          40     1   3  1  

Penalty Kill - 3 Players Forward 
   Forward                                           Time % Phy DF OF 
 1 Jay Beagle                                        60     1   3  1  
 2 Peter Holland                                     40     1   3  1  

Penalty Kill - 3 Players Defense
   Defense                  Defense                  Time % Phy DF OF 
 1 Jack Johnson             Andrei Markov            60     1   3  1  
 2 Alexander Edler          Willie Mitchell          40     1   3  1  

4 vs 4 Forward 
   Center                   Wing                     Time % Phy DF OF 
 1 Derick Brassard          Clarke MacArthur         60     1   2  2  
 2 Nazem Kadri              Brendan Gallagher        40     1   2  2  

4 vs 4 Defense
   Defense                  Defense                  Time % Phy DF OF 
 1 Jack Johnson             Andrei Markov            60     1   2  2  
 2 Alexander Edler          Willie Mitchell          40     1   2  2  

Last Minutes Offensive
   Center                   Left Wing                Right Wing               Defense                  Defense                  
   Derick Brassard          Clarke MacArthur         Brendan Gallagher        Jack Johnson             Andrei Markov            

Last Minutes Defensive
   Center                   Left Wing                Right Wing               Defense                  Defense                  
   Jay Beagle               Antoine Roussel          Joel Ward                Jack Johnson             Willie Mitchell          

Goaltenders
Starting : Ben Bishop               
Backup : Mike McKenna             

Extra Forwards
Normal : Craig Smith, Antoine Roussel, Clarke MacArthur - PP : Craig Smith, Antoine Roussel - PK : Joel Ward
Extra Defensemen
Normal : Nick Leddy, Christopher Tanev, Alexander Edler - PP : Nick Leddy - PK : Christopher Tanev, Alexander Edler
Penalty Shots
Derick Brassard, Mats Zuccarello, Joel Ward, Nazem Kadri, Brendan Gallagher

Jets

5 vs 5 Forward 
   Center                   Left Wing                Right Wing               Time % Phy DF OF 
 1 Ryan Getzlaf             Alex Ovechkin            Blake Wheeler            31     0   2  3  
 2 John Tavares             Filip Forsberg           Patrick Kane             28     0   2  3  
 3 Claude Giroux            Jussi Jokinen            Wayne Simmonds           24     1   2  2  
 4 Jarret Stoll             Patrik Elias             Alex Ovechkin            17     1   2  2  

5 vs 5 Defense 
   Defense                  Defense                                           Time % Phy DF OF 
 1 Victor Hedman            John Carlson                                      35     1   2  2  
 2 Oliver Ekman-Larsson     Erik Johnson                                      30     1   2  2  
 3 Jake Muzzin              Brad Stuart                                       22     1   2  2  
 4 Jake Muzzin              Erik Johnson                                      13     1   2  2  

PowerPlay Forward 
   Center                   Left Wing                Right Wing               Time % Phy DF OF 
 1 Ryan Getzlaf             Alex Ovechkin            Patrick Kane             60     1   2  2  
 2 John Tavares             Filip Forsberg           Blake Wheeler            40     1   2  2  

PowerPlay Defense
   Defense                  Defense                                           Time % Phy DF OF 
 1 Oliver Ekman-Larsson     Erik Johnson                                      60     1   2  2  
 2 Victor Hedman            John Carlson                                      40     1   2  2  

Penalty Kill 4 Players Forward 
   Center                   Wing                     Time % Phy DF OF 
 1 Jarret Stoll             Jussi Jokinen            60     1   2  2  
 2 Claude Giroux            Blake Wheeler            40     1   2  2  

Penalty Kill 4 Players Defense
   Defense                  Defense                  Time % Phy DF OF 
 1 Brad Stuart              John Carlson             60     1   2  2  
 2 Oliver Ekman-Larsson     Erik Johnson             40     1   2  2  

Penalty Kill - 3 Players Forward 
   Forward                                           Time % Phy DF OF 
 1 Jarret Stoll                                      60     1   2  2  
 2 Claude Giroux                                     40     1   2  2  

Penalty Kill - 3 Players Defense
   Defense                  Defense                  Time % Phy DF OF 
 1 Brad Stuart              John Carlson             60     1   2  2  
 2 Oliver Ekman-Larsson     Erik Johnson             40     1   2  2  

4 vs 4 Forward 
   Center                   Wing                     Time % Phy DF OF 
 1 John Tavares             Alex Ovechkin            60     1   2  2  
 2 Ryan Getzlaf             Patrick Kane             40     1   2  2  

4 vs 4 Defense
   Defense                  Defense                  Time % Phy DF OF 
 1 John Carlson             Erik Johnson             60     1   2  2  
 2 Oliver Ekman-Larsson     Jake Muzzin              40     1   2  2  

Last Minutes Offensive
   Center                   Left Wing                Right Wing               Defense                  Defense                  
   Ryan Getzlaf             Alex Ovechkin            Blake Wheeler            John Carlson             Erik Johnson             

Last Minutes Defensive
   Center                   Left Wing                Right Wing               Defense                  Defense                  
   Ryan Getzlaf             Alex Ovechkin            Blake Wheeler            John Carlson             Erik Johnson             

Goaltenders
Starting : Jonathan Quick           
Backup : Jake Allen               

Extra Forwards
Normal : John Tavares, Patrik Elias, Jussi Jokinen - PP : John Tavares, Patrik Elias - PK : Jussi Jokinen
Extra Defensemen
Normal : Jake Muzzin, Erik Johnson, Oliver Ekman-Larsson - PP : Jake Muzzin - PK : Erik Johnson, Oliver Ekman-Larsson
Penalty Shots
Alex Ovechkin, Ryan Getzlaf, Claude Giroux, Blake Wheeler, Jussi Jokinen

% Time on Ice - Canucks

Lines # - Real PCT - Wanted PCT - Time Play
Normal Forward
1 - 31% - 35% - 13:13
2 - 30% - 32% - 12:44
3 - 22% - 20% - 9:29
4 - 17% - 13% - 7:04
Normal Defense
1 - 32% - 35% - 13:39
2 - 31% - 30% - 13:12
3 - 29% - 22% - 12:26
4 - 8% - 13% - 3:13
PP Forward
1 - 45% - 60% - 4:58
2 - 55% - 40% - 6:05
PP Defense
1 - 71% - 60% - 7:48
2 - 29% - 40% - 3:15
PK Forward
1 - 86% - 60% - 5:23
2 - 14% - 40% - 0:51
PK Defense
1 - 42% - 60% - 2:36
2 - 58% - 40% - 3:38
PK3 Forward
1 - 0% - 60%
2 - 0% - 40%
PK3 Defense
1 - 0% - 60%
2 - 0% - 40%
44 Forward
1 - 0% - 60%
2 - 0% - 40%
44 Defense
1 - 0% - 60%
2 - 0% - 40%
Last Minute Offensive  - 0:00
Last Minute Defensive  - 0:13
Total
Forward - 60:00
Defense - 60:00

% Time on Ice - Jets

Lines # - Real PCT - Wanted PCT - Time Play
Normal Forward
1 - 32% - 31% - 13:46
2 - 29% - 28% - 12:23
3 - 26% - 24% - 10:52
4 - 13% - 17% - 5:23
Normal Defense
1 - 36% - 35% - 15:26
2 - 30% - 30% - 12:46
3 - 23% - 22% - 9:50
4 - 10% - 13% - 4:22
PP Forward
1 - 51% - 60% - 3:11
2 - 49% - 40% - 3:03
PP Defense
1 - 61% - 60% - 3:49
2 - 39% - 40% - 2:25
PK Forward
1 - 81% - 60% - 8:56
2 - 19% - 40% - 2:07
PK Defense
1 - 53% - 60% - 5:54
2 - 47% - 40% - 5:09
PK3 Forward
1 - 0% - 60%
2 - 0% - 40%
PK3 Defense
1 - 0% - 60%
2 - 0% - 40%
44 Forward
1 - 0% - 60%
2 - 0% - 40%
44 Defense
1 - 0% - 60%
2 - 0% - 40%
Last Minute Offensive  - 0:19
Last Minute Defensive  - 0:00
Total
Forward - 60:00
Defense - 60:00

Play by Play

1st period


0:01 of 1st period - Derick Brassard wins face-off versus Ryan Getzlaf in neutral zone.
0:58 of 1st period - Slapshot by Willie Mitchell.
0:58 of 1st period - Shot Misses the Net.
1:00 of 1st period - Snap shot by Alexander Edler.
1:00 of 1st period - Shot Blocked by Filip Forsberg.
1:02 of 1st period - Slapshot by Willie Mitchell.
1:02 of 1st period - Stopped by Jonathan Quick with a rebound.
1:04 of 1st period - Slapshot by Alexander Edler.
1:04 of 1st period - Shot Misses the Net.
1:06 of 1st period - Snap shot by Alexander Edler.
1:06 of 1st period - Stopped by Jonathan Quick without a rebound.
1:07 of 1st period - Claude Giroux wins face-off versus Peter Holland in Jets zone.
2:18 of 1st period - Off-side.
2:19 of 1st period - John Tavares wins face-off versus Jay Beagle in neutral zone.
2:58 of 1st period - Brad Stuart is hit by Mats Zuccarello and loses puck.
4:37 of 1st period - Minor Penalty to Wayne Simmonds for Holding.
4:38 of 1st period - Derick Brassard wins face-off versus Jarret Stoll in Jets zone.
6:12 of 1st period - Snap shot by Blake Wheeler.
6:12 of 1st period - Shot Blocked by Nazem Kadri.
6:14 of 1st period - Slapshot by John Carlson.
6:14 of 1st period - Deflect By Claude Giroux.
6:14 of 1st period - Stopped by Ben Bishop with a rebound.
6:16 of 1st period - Slapshot by John Carlson.
6:16 of 1st period - Shot Blocked by Alex Tanguay.
6:18 of 1st period - Slapshot by John Carlson.
6:18 of 1st period - Shot Misses the Net.
6:20 of 1st period - Slapshot by Blake Wheeler.
6:20 of 1st period - Stopped by Ben Bishop without a rebound.
6:21 of 1st period - Jarret Stoll wins face-off versus Mats Zuccarello in Canucks zone.
6:37 of 1st period - Penalty to Wayne Simmonds is over, Wayne Simmonds is back on ice.
6:41 of 1st period - Minor Penalty to Clarke MacArthur for Interference.
6:42 of 1st period - Ryan Getzlaf wins face-off versus Jay Beagle in Canucks zone.
6:58 of 1st period - Snap shot by Patrick Kane.
6:58 of 1st period - Shot Misses the Net.
7:00 of 1st period - Slapshot by Oliver Ekman-Larsson.
7:00 of 1st period - Deflect By Ryan Getzlaf.
7:00 of 1st period - Shot Blocked by Jay Beagle.
7:00 of 1st period - Puck is out of play.
7:01 of 1st period - Ryan Getzlaf wins face-off versus Jay Beagle in Canucks zone.
7:06 of 1st period - Snap shot by Alex Ovechkin.
7:06 of 1st period - Stopped by Ben Bishop with a rebound.
7:22 of 1st period - Slapshot by Patrick Kane.
7:22 of 1st period - Stopped by Ben Bishop with a rebound.
7:24 of 1st period - Slapshot by Erik Johnson.
7:24 of 1st period - Deflect By Alex Ovechkin.
7:24 of 1st period - Stopped by Ben Bishop without a rebound.
7:25 of 1st period - Jay Beagle wins face-off versus John Tavares in Canucks zone.
7:36 of 1st period - Alexander Edler is hit by Victor Hedman.
8:41 of 1st period - Penalty to Clarke MacArthur is over, Clarke MacArthur is back on ice.
9:42 of 1st period - Off-side.
9:43 of 1st period - Jarret Stoll wins face-off versus Nazem Kadri in neutral zone.
10:37 of 1st period - Wrist shot by John Tavares.
10:37 of 1st period - Stopped by Ben Bishop without a rebound.
10:38 of 1st period - Claude Giroux wins face-off versus Derick Brassard in Canucks zone.
10:50 of 1st period - Snap shot by Brendan Gallagher.
10:50 of 1st period - Shot Misses the Net.
10:52 of 1st period - Snap shot by Brendan Gallagher.
10:52 of 1st period - Shot Misses the Net.
10:54 of 1st period - Slapshot by Clarke MacArthur.
10:54 of 1st period - Shot Blocked by Jussi Jokinen.
10:56 of 1st period - Slapshot by Christopher Tanev.
10:56 of 1st period - Deflect By Clarke MacArthur.
10:56 of 1st period - Shot Blocked by Oliver Ekman-Larsson.
10:56 of 1st period - Puck is out of play.
10:57 of 1st period - Claude Giroux wins face-off versus Derick Brassard in Jets zone.
11:38 of 1st period - Snap shot by Alex Ovechkin.
11:38 of 1st period - Stopped by Ben Bishop with a rebound.
11:40 of 1st period - Slapshot by Jake Muzzin.
11:40 of 1st period - Shot Blocked by Nick Leddy.
11:42 of 1st period - Slapshot by Jake Muzzin.
11:42 of 1st period - Stopped by Ben Bishop without a rebound.
11:43 of 1st period - Nazem Kadri wins face-off versus Ryan Getzlaf in Canucks zone.
11:58 of 1st period - Wrist shot by Alex Tanguay.
11:58 of 1st period - Shot Hit the Post.
12:04 of 1st period - Snap shot by Alex Tanguay.
12:04 of 1st period - Shot Misses the Net.
12:06 of 1st period - Slapshot by Jack Johnson.
12:06 of 1st period - Shot Blocked by Alex Ovechkin.
13:12 of 1st period - Snap shot by Craig Smith.
13:12 of 1st period - Shot Misses the Net.
13:14 of 1st period - Slapshot by Mats Zuccarello.
13:14 of 1st period - Stopped by Jonathan Quick with a rebound.
13:46 of 1st period - Snap shot by Claude Giroux.
13:46 of 1st period - Stopped by Ben Bishop with a rebound.
13:48 of 1st period - Backhand shot by Brad Stuart.
13:48 of 1st period - Stopped by Ben Bishop with a rebound.
13:58 of 1st period - Wrist shot by Claude Giroux.
13:58 of 1st period - Shot Blocked by Alexander Edler.
14:00 of 1st period - Slapshot by Brad Stuart.
14:00 of 1st period - Shot Misses the Net.
14:31 of 1st period - Jay Beagle is hit by Alex Ovechkin and loses puck.
15:02 of 1st period - Slapshot by Derick Brassard.
15:02 of 1st period - Stopped by Jonathan Quick with a rebound.
15:42 of 1st period - Wrist shot by Mats Zuccarello.
15:42 of 1st period - Shot Blocked by John Carlson.
16:53 of 1st period - Wrist shot by Brendan Gallagher.
16:53 of 1st period - Stopped by Jonathan Quick with a rebound.
16:55 of 1st period - Wrist shot by Alexander Edler.
16:55 of 1st period - Stopped by Jonathan Quick with a rebound.
16:57 of 1st period - Slapshot by Willie Mitchell.
16:57 of 1st period - Shot Misses the Net.
16:59 of 1st period - Wrist shot by Brendan Gallagher.
16:59 of 1st period - Shot Misses the Net.
17:01 of 1st period - Snap shot by Willie Mitchell.
17:01 of 1st period - Deflect By Derick Brassard.
17:01 of 1st period - Stopped by Jonathan Quick with a rebound.
17:07 of 1st period - Minor Penalty to John Tavares for Holding.
17:08 of 1st period - Jarret Stoll wins face-off versus Derick Brassard in Jets zone.
17:19 of 1st period - Jarret Stoll is hit by Andrei Markov and loses puck.
18:37 of 1st period - Jack Johnson is hit by Brad Stuart.
18:53 of 1st period - Andrei Markov is hit by Alex Ovechkin.
18:59 of 1st period - Erik Johnson is hit by Clarke MacArthur and loses puck.
19:07 of 1st period - Penalty to John Tavares is over, John Tavares is back on ice.
19:28 of 1st period - Snap shot by John Tavares.
19:28 of 1st period - Stopped by Ben Bishop without a rebound.
19:29 of 1st period - John Tavares wins face-off versus Jay Beagle in Canucks zone.
19:35 of 1st period - Minor Penalty to Jay Beagle for Roughing.
19:36 of 1st period - Ryan Getzlaf wins face-off versus Joel Ward in Canucks zone.
19:36 of 1st period - Slapshot by Alex Ovechkin.
19:36 of 1st period - Stopped by Ben Bishop with a rebound.
19:38 of 1st period - Snap shot by Ryan Getzlaf.
19:38 of 1st period - Shot Misses the Net.
19:40 of 1st period - Slapshot by Ryan Getzlaf.
19:40 of 1st period - Shot Misses the Net.
19:42 of 1st period - Slapshot by Erik Johnson.
19:42 of 1st period - Shot Blocked by Jack Johnson.
19:44 of 1st period - Slapshot by Erik Johnson.
19:44 of 1st period - Stopped by Ben Bishop with a rebound.
19:46 of 1st period - Slapshot by Erik Johnson.
19:46 of 1st period - Shot Misses the Net.
19:48 of 1st period - Snap shot by Ryan Getzlaf.
19:48 of 1st period - Stopped by Ben Bishop with a rebound.
19:50 of 1st period - Slapshot by Erik Johnson.
19:50 of 1st period - Shot Misses the Net.
19:52 of 1st period - Snap shot by Alex Ovechkin.
19:52 of 1st period - Goal by Alex Ovechkin - Canucks : 0 - Jets : 1.
19:53 of 1st period - Jay Beagle wins face-off versus Ryan Getzlaf in neutral zone.
19:58 of 1st period - Alex Ovechkin is hit by Jack Johnson.
Goals for this period are 0 for Canucks vs 1 for Jets.
Shots for this period are 7 for Canucks vs 15 for Jets.

2nd period


0:01 of 2nd period - Ryan Getzlaf wins face-off versus Nazem Kadri in neutral zone.
0:10 of 2nd period - Nazem Kadri is hit by Alex Ovechkin and loses puck.
0:25 of 2nd period - Snap shot by Mats Zuccarello.
0:25 of 2nd period - Shot Misses the Net.
0:27 of 2nd period - Slapshot by Jack Johnson.
0:27 of 2nd period - Stopped by Jonathan Quick without a rebound.
0:28 of 2nd period - John Tavares wins face-off versus Derick Brassard in Jets zone.
1:19 of 2nd period - Wrist shot by Alex Tanguay.
1:19 of 2nd period - Stopped by Jonathan Quick without a rebound.
1:20 of 2nd period - Claude Giroux wins face-off versus Peter Holland in Jets zone.
2:52 of 2nd period - Wrist shot by Alex Ovechkin.
2:52 of 2nd period - Shot Misses the Net.
3:06 of 2nd period - Mats Zuccarello is hit by Jake Muzzin and loses puck.
3:21 of 2nd period - Alexander Edler is hit by Filip Forsberg and loses puck.
3:38 of 2nd period - Snap shot by Brendan Gallagher.
3:38 of 2nd period - Shot Misses the Net.
4:20 of 2nd period - Oliver Ekman-Larsson is hit by Alexander Edler and loses puck.
4:56 of 2nd period - Christopher Tanev is hit by Wayne Simmonds and loses puck.
7:04 of 2nd period - Erik Johnson is hit by Jack Johnson and loses puck.
7:28 of 2nd period - Erik Johnson is hit by Nazem Kadri.
7:37 of 2nd period - Minor Penalty to Jake Muzzin for Hooking.
7:38 of 2nd period - Derick Brassard wins face-off versus Jarret Stoll in Jets zone.
7:54 of 2nd period - Slapshot by Derick Brassard.
7:54 of 2nd period - Shot Blocked by Jarret Stoll.
8:12 of 2nd period - Snap shot by Mats Zuccarello.
8:12 of 2nd period - Stopped by Jonathan Quick without a rebound.
8:13 of 2nd period - Nazem Kadri wins face-off versus Jarret Stoll in Jets zone.
8:16 of 2nd period - Wrist shot by Mats Zuccarello.
8:16 of 2nd period - Stopped by Jonathan Quick with a rebound.
8:18 of 2nd period - Snap shot by Jack Johnson.
8:18 of 2nd period - Stopped by Jonathan Quick without a rebound.
8:19 of 2nd period - Jarret Stoll wins face-off versus Brendan Gallagher in Jets zone.
8:45 of 2nd period - Wrist shot by Brendan Gallagher.
8:45 of 2nd period - Goal by Brendan Gallagher - Canucks : 1 - Jets : 1.
8:46 of 2nd period - Peter Holland wins face-off versus Ryan Getzlaf in neutral zone.
8:53 of 2nd period - Wrist shot by Alex Tanguay.
8:53 of 2nd period - Shot Misses the Net.
8:55 of 2nd period - Slapshot by Willie Mitchell.
8:55 of 2nd period - Shot Misses the Net.
8:56 of 2nd period - Blake Wheeler beats up Antoine Roussel.
8:56 of 2nd period - Penalty to Blake Wheeler for Fighting.
8:56 of 2nd period - Penalty to Antoine Roussel for Fighting.
8:57 of 2nd period - Nazem Kadri wins face-off versus Ryan Getzlaf in Jets zone.
9:16 of 2nd period - Slapshot by Mats Zuccarello.
9:16 of 2nd period - Shot Blocked by Erik Johnson.
9:37 of 2nd period - Icing by Oliver Ekman-Larsson.
9:38 of 2nd period - Ryan Getzlaf wins face-off versus Derick Brassard in Jets zone.
11:14 of 2nd period - Wrist shot by Alex Tanguay.
11:14 of 2nd period - Shot Misses the Net.
11:16 of 2nd period - Slapshot by Andrei Markov.
11:16 of 2nd period - Shot Blocked by Victor Hedman.
11:34 of 2nd period - Slapshot by Jannik Hansen.
11:34 of 2nd period - Stopped by Jonathan Quick without a rebound.
11:35 of 2nd period - Jay Beagle wins face-off versus Jarret Stoll in Jets zone.
11:40 of 2nd period - Snap shot by Joel Ward.
11:40 of 2nd period - Stopped by Jonathan Quick without a rebound.
11:41 of 2nd period - Jarret Stoll wins face-off versus Joel Ward in Jets zone.
13:08 of 2nd period - Snap shot by John Tavares.
13:08 of 2nd period - Shot Misses the Net.
13:55 of 2nd period - Jack Johnson is hit by Ryan Getzlaf and loses puck.
14:36 of 2nd period - Jack Johnson is hit by Ryan Getzlaf.
15:09 of 2nd period - Slapshot by Jussi Jokinen.
15:09 of 2nd period - Stopped by Ben Bishop without a rebound.
15:10 of 2nd period - Jarret Stoll wins face-off versus Peter Holland in Canucks zone.
15:14 of 2nd period - Minor Penalty to Peter Holland for Hooking.
15:15 of 2nd period - John Tavares wins face-off versus Jay Beagle in Canucks zone.
15:27 of 2nd period - Slapshot by Blake Wheeler.
15:27 of 2nd period - Stopped by Ben Bishop without a rebound.
15:28 of 2nd period - Jay Beagle wins face-off versus John Tavares in Canucks zone.
16:08 of 2nd period - Willie Mitchell is hit by Alex Ovechkin and loses puck.
16:19 of 2nd period - Willie Mitchell is hit by Alex Ovechkin and loses puck.
16:45 of 2nd period - Blake Wheeler is hit by Willie Mitchell and loses puck.
17:14 of 2nd period - Penalty to Peter Holland is over, Peter Holland is back on ice.
17:31 of 2nd period - Minor Penalty to Ryan Getzlaf for Hooking.
17:32 of 2nd period - Jarret Stoll wins face-off versus Nazem Kadri in Jets zone.
17:32 of 2nd period - Jarret Stoll is hit by Nazem Kadri.
17:38 of 2nd period - Icing by Mats Zuccarello.
17:39 of 2nd period - Jarret Stoll wins face-off versus Nazem Kadri in Canucks zone.
17:58 of 2nd period - Snap shot by Jussi Jokinen.
17:58 of 2nd period - Shot Misses the Net.
18:00 of 2nd period - Slapshot by Erik Johnson.
18:00 of 2nd period - Deflect By Jarret Stoll.
18:00 of 2nd period - Stopped by Ben Bishop with a rebound.
18:02 of 2nd period - Slapshot by Erik Johnson.
18:02 of 2nd period - Shot Blocked by Andrei Markov.
18:04 of 2nd period - Snap shot by Jarret Stoll.
18:04 of 2nd period - Shot Misses the Net.
18:06 of 2nd period - Slapshot by Oliver Ekman-Larsson.
18:06 of 2nd period - Shot Blocked by Andrei Markov.
18:18 of 2nd period - Oliver Ekman-Larsson is hit by Mats Zuccarello and loses puck.
19:09 of 2nd period - Brad Stuart is hit by Brendan Gallagher and loses puck.
19:31 of 2nd period - Penalty to Ryan Getzlaf is over, Ryan Getzlaf is back on ice.
19:41 of 2nd period - Jarret Stoll is hit by Derick Brassard and loses puck.
19:56 of 2nd period - Victor Hedman is hit by Peter Holland and loses puck.
Goals for this period are 1 for Canucks vs 0 for Jets.
Shots for this period are 8 for Canucks vs 3 for Jets.

3rd period


0:01 of 3rd period - Ryan Getzlaf wins face-off versus Derick Brassard in neutral zone.
0:16 of 3rd period - Wrist shot by Alex Ovechkin.
0:16 of 3rd period - Deflect By Andrei Markov.
0:16 of 3rd period - Shot Blocked by Jack Johnson.
0:16 of 3rd period - Puck is out of play.
0:17 of 3rd period - Ryan Getzlaf wins face-off versus Derick Brassard in Canucks zone.
0:35 of 3rd period - Wrist shot by Alex Ovechkin.
0:35 of 3rd period - Stopped by Ben Bishop with a rebound.
0:37 of 3rd period - Slapshot by Erik Johnson.
0:37 of 3rd period - Deflect By Blake Wheeler.
0:37 of 3rd period - Shot Misses the Net.
0:37 of 3rd period - Puck is out of play.
0:38 of 3rd period - John Tavares wins face-off versus Nazem Kadri in Canucks zone.
0:59 of 3rd period - Slapshot by Craig Smith.
0:59 of 3rd period - Shot Misses the Net.
1:01 of 3rd period - Slapshot by Alexander Edler.
1:01 of 3rd period - Stopped by Jonathan Quick with a rebound.
1:03 of 3rd period - Snap shot by Mats Zuccarello.
1:03 of 3rd period - Stopped by Jonathan Quick without a rebound.
1:04 of 3rd period - Claude Giroux wins face-off versus Peter Holland in Jets zone.
1:13 of 3rd period - Slapshot by Oliver Ekman-Larsson.
1:13 of 3rd period - Deflect By Claude Giroux.
1:13 of 3rd period - Stopped by Ben Bishop without a rebound.
1:14 of 3rd period - Peter Holland wins face-off versus Jussi Jokinen in Canucks zone.
1:25 of 3rd period - Wrist shot by Peter Holland.
1:25 of 3rd period - Shot Misses the Net.
2:57 of 3rd period - Snap shot by John Tavares.
2:57 of 3rd period - Stopped by Ben Bishop with a rebound.
2:59 of 3rd period - Snap shot by John Carlson.
2:59 of 3rd period - Shot Blocked by Willie Mitchell.
3:01 of 3rd period - Slapshot by John Carlson.
3:01 of 3rd period - Deflect By Patrick Kane.
3:01 of 3rd period - Stopped by Ben Bishop with a rebound.
3:03 of 3rd period - Slapshot by Jake Muzzin.
3:03 of 3rd period - Shot Misses the Net.
3:05 of 3rd period - Wrist shot by Brad Stuart.
3:05 of 3rd period - Stopped by Ben Bishop without a rebound.
3:06 of 3rd period - Jarret Stoll wins face-off versus Nazem Kadri in Canucks zone.
3:13 of 3rd period - Backhand shot by Alex Ovechkin.
3:13 of 3rd period - Stopped by Ben Bishop with a rebound.
3:30 of 3rd period - Brad Stuart is hit by Nazem Kadri and loses puck.
4:03 of 3rd period - Jack Johnson is hit by Brad Stuart.
4:11 of 3rd period - Jannik Hansen is hit by Wayne Simmonds and loses puck.
4:26 of 3rd period - Claude Giroux is hit by Jay Beagle.
4:55 of 3rd period - John Tavares is hit by Jack Johnson and loses puck.
5:08 of 3rd period - Wrist shot by Alex Tanguay.
5:08 of 3rd period - Shot Misses the Net.
5:28 of 3rd period - Snap shot by Derick Brassard.
5:28 of 3rd period - Stopped by Jonathan Quick without a rebound.
5:29 of 3rd period - Ryan Getzlaf wins face-off versus Derick Brassard in Jets zone.
5:29 of 3rd period - Ryan Getzlaf is hit by Brendan Gallagher.
6:32 of 3rd period - Snap shot by John Tavares.
6:32 of 3rd period - Stopped by Ben Bishop without a rebound.
6:33 of 3rd period - John Tavares wins face-off versus Nazem Kadri in Canucks zone.
7:08 of 3rd period - Jake Muzzin is hit by Mats Zuccarello and loses puck.
7:32 of 3rd period - Snap shot by Peter Holland.
7:32 of 3rd period - Shot Misses the Net.
7:34 of 3rd period - Wrist shot by Antoine Roussel.
7:34 of 3rd period - Shot Misses the Net.
7:36 of 3rd period - Slapshot by Willie Mitchell.
7:36 of 3rd period - Stopped by Jonathan Quick with a rebound.
7:38 of 3rd period - Slapshot by Willie Mitchell.
7:38 of 3rd period - Deflect By Jake Muzzin.
7:38 of 3rd period - Stopped by Jonathan Quick with a rebound.
7:40 of 3rd period - Slapshot by Willie Mitchell.
7:40 of 3rd period - Deflect By Alex Tanguay.
7:40 of 3rd period - Shot Misses the Net.
7:40 of 3rd period - Puck is out of play.
7:41 of 3rd period - Claude Giroux wins face-off versus Joel Ward in Jets zone.
7:52 of 3rd period - Snap shot by Claude Giroux.
7:52 of 3rd period - Shot Misses the Net.
7:54 of 3rd period - Wrist shot by Claude Giroux.
7:54 of 3rd period - Shot Misses the Net.
7:56 of 3rd period - Snap shot by Jussi Jokinen.
7:56 of 3rd period - Shot Misses the Net.
7:58 of 3rd period - Wrist shot by John Carlson.
7:58 of 3rd period - Deflect By Jussi Jokinen.
7:58 of 3rd period - Shot Misses the Net.
7:58 of 3rd period - Puck is out of play.
7:59 of 3rd period - Jay Beagle wins face-off versus Claude Giroux in Canucks zone.
8:01 of 3rd period - Minor Penalty to Christopher Tanev for Holding.
8:02 of 3rd period - John Tavares wins face-off versus Jay Beagle in Canucks zone.
8:16 of 3rd period - Snap shot by Filip Forsberg.
8:16 of 3rd period - Shot Blocked by Andrei Markov.
8:26 of 3rd period - Jay Beagle is hit by Filip Forsberg.
8:56 of 3rd period - Jack Johnson is hit by Ryan Getzlaf.
9:09 of 3rd period - Wrist shot by Alexander Edler.
9:09 of 3rd period - Shot Blocked by Oliver Ekman-Larsson.
9:29 of 3rd period - Snap shot by Filip Forsberg.
9:29 of 3rd period - Shot Misses the Net.
9:55 of 3rd period - Slapshot by Jack Johnson.
9:55 of 3rd period - Deflect By Peter Holland.
9:55 of 3rd period - Shot Misses the Net.
9:55 of 3rd period - Puck is out of play.
9:56 of 3rd period - Ryan Getzlaf wins face-off versus Peter Holland in Jets zone.
10:01 of 3rd period - Penalty to Christopher Tanev is over, Christopher Tanev is back on ice.
10:16 of 3rd period - Icing by John Carlson.
10:17 of 3rd period - Claude Giroux wins face-off versus Derick Brassard in Jets zone.
10:40 of 3rd period - Slapshot by Claude Giroux.
10:40 of 3rd period - Shot Misses the Net.
10:54 of 3rd period - Snap shot by Brendan Gallagher.
10:54 of 3rd period - Stopped by Jonathan Quick without a rebound.
10:55 of 3rd period - Nazem Kadri wins face-off versus John Tavares in Jets zone.
11:04 of 3rd period - Wrist shot by Mats Zuccarello.
11:04 of 3rd period - Shot Blocked by Jake Muzzin.
11:14 of 3rd period - Slapshot by Craig Smith.
11:14 of 3rd period - Deflect By Nazem Kadri.
11:14 of 3rd period - Shot Misses the Net.
11:14 of 3rd period - Puck is out of play.
11:15 of 3rd period - Nazem Kadri wins face-off versus John Tavares in Jets zone.
11:26 of 3rd period - Snap shot by Craig Smith.
11:26 of 3rd period - Shot Misses the Net.
11:28 of 3rd period - Slapshot by Alexander Edler.
11:28 of 3rd period - Shot Misses the Net.
11:30 of 3rd period - Slapshot by Alexander Edler.
11:30 of 3rd period - Stopped by Jonathan Quick with a rebound.
11:32 of 3rd period - Slapshot by Willie Mitchell.
11:32 of 3rd period - Shot Blocked by John Tavares.
11:36 of 3rd period - Wrist shot by Craig Smith.
11:36 of 3rd period - Deflect By Mats Zuccarello.
11:36 of 3rd period - Stopped by Jonathan Quick with a rebound.
11:38 of 3rd period - Slapshot by Alexander Edler.
11:38 of 3rd period - Stopped by Jonathan Quick with a rebound.
11:46 of 3rd period - Minor Penalty to John Tavares for Hooking.
11:47 of 3rd period - Derick Brassard wins face-off versus Jarret Stoll in Jets zone.
11:50 of 3rd period - Snap shot by Clarke MacArthur.
11:50 of 3rd period - Stopped by Jonathan Quick with a rebound.
11:52 of 3rd period - Slapshot by Jack Johnson.
11:52 of 3rd period - Shot Blocked by Brad Stuart.
11:54 of 3rd period - Slapshot by Jack Johnson.
11:54 of 3rd period - Stopped by Jonathan Quick without a rebound.
11:55 of 3rd period - Derick Brassard wins face-off versus Jarret Stoll in Jets zone.
12:23 of 3rd period - Off-side.
12:24 of 3rd period - Nazem Kadri wins face-off versus Jarret Stoll in neutral zone.
12:58 of 3rd period - Snap shot by Brendan Gallagher.
12:58 of 3rd period - Shot Misses the Net.
13:00 of 3rd period - Snap shot by Alexander Edler.
13:00 of 3rd period - Shot Misses the Net.
13:02 of 3rd period - Slapshot by Alexander Edler.
13:02 of 3rd period - Shot Misses the Net.
13:18 of 3rd period - Oliver Ekman-Larsson is hit by Alexander Edler and loses puck.
13:27 of 3rd period - Slapshot by Derick Brassard.
13:27 of 3rd period - Stopped by Jonathan Quick without a rebound.
13:28 of 3rd period - Claude Giroux wins face-off versus Clarke MacArthur in Jets zone.
13:45 of 3rd period - Slapshot by Derick Brassard.
13:45 of 3rd period - Shot Blocked by John Carlson.
13:46 of 3rd period - Penalty to John Tavares is over, John Tavares is back on ice.
14:56 of 3rd period - Snap shot by Peter Holland.
14:56 of 3rd period - Shot Blocked by Alex Ovechkin.
15:29 of 3rd period - Minor Penalty to John Tavares for Holding.
15:30 of 3rd period - Mats Zuccarello wins face-off versus Jarret Stoll in Jets zone.
15:34 of 3rd period - Wrist shot by Brendan Gallagher.
15:34 of 3rd period - Shot Misses the Net.
15:36 of 3rd period - Snap shot by Mats Zuccarello.
15:36 of 3rd period - Deflect By Brendan Gallagher.
15:36 of 3rd period - Shot Blocked by Erik Johnson.
15:36 of 3rd period - Puck is out of play.
15:37 of 3rd period - Nazem Kadri wins face-off versus Jarret Stoll in Jets zone.
16:35 of 3rd period - Erik Johnson is hit by Clarke MacArthur and loses puck.
17:12 of 3rd period - Snap shot by Jussi Jokinen.
17:12 of 3rd period - Stopped by Ben Bishop with a rebound.
17:29 of 3rd period - Penalty to John Tavares is over, John Tavares is back on ice.
17:36 of 3rd period - Alexander Edler is hit by John Tavares and loses puck.
18:08 of 3rd period - Backhand shot by Antoine Roussel.
18:08 of 3rd period - Shot Misses the Net.
18:10 of 3rd period - Backhand shot by Antoine Roussel.
18:10 of 3rd period - Canucks goal is going for a video replay.
18:10 of 3rd period - The goal is good.
18:10 of 3rd period - Goal by Antoine Roussel - Canucks : 2 - Jets : 1.
18:11 of 3rd period - John Tavares wins face-off versus Peter Holland in neutral zone.
18:19 of 3rd period - Icing by Alexander Edler.
18:20 of 3rd period - John Tavares wins face-off versus Peter Holland in Canucks zone.
18:39 of 3rd period - Snap shot by John Tavares.
18:39 of 3rd period - Stopped by Ben Bishop without a rebound.
18:40 of 3rd period - Ryan Getzlaf wins face-off versus Nazem Kadri in Canucks zone.
18:41 of 3rd period - Wrist shot by Alex Ovechkin.
18:41 of 3rd period - Shot Misses the Net.
18:43 of 3rd period - Snap shot by Blake Wheeler.
18:43 of 3rd period - Shot Blocked by Christopher Tanev.
18:45 of 3rd period - Slapshot by Erik Johnson.
18:45 of 3rd period - Stopped by Ben Bishop with a rebound.
18:47 of 3rd period - Snap shot by Ryan Getzlaf.
18:47 of 3rd period - Shot Blocked by Nick Leddy.
18:49 of 3rd period - Slapshot by Erik Johnson.
18:49 of 3rd period - Deflect By Alex Ovechkin.
18:49 of 3rd period - Shot Blocked by Christopher Tanev.
18:49 of 3rd period - Puck is out of play.
18:50 of 3rd period - Darryl Sutter call a timeout for Jets.
18:50 of 3rd period - Ryan Getzlaf wins face-off versus Nazem Kadri in Canucks zone.
18:59 of 3rd period - Wrist shot by Ryan Getzlaf.
18:59 of 3rd period - Stopped by Ben Bishop without a rebound.
19:00 of 3rd period - Ryan Getzlaf wins face-off versus Craig Smith in Canucks zone.
19:01 of 3rd period - Jets, Jonathan Quick is pulled from the net.
19:05 of 3rd period - Wrist shot by Alex Ovechkin.
19:05 of 3rd period - Stopped by Ben Bishop with a rebound.
19:07 of 3rd period - Slapshot by Erik Johnson.
19:07 of 3rd period - Shot Misses the Net.
19:28 of 3rd period - Blake Wheeler is hit by Craig Smith and loses puck.
19:50 of 3rd period - Icing by Ryan Getzlaf.
19:51 of 3rd period - Jonathan Quick from Jets was sent back in the game.
19:51 of 3rd period - Jay Beagle wins face-off versus Ryan Getzlaf in Jets zone.
Goals for this period are 1 for Canucks vs 0 for Jets.
Shots for this period are 13 for Canucks vs 12 for Jets.